 Dungeon Crawl Stone Soup version 0.28-a0-1235-g7c8fac35f0 (webtiles) character file.

Game seed: 8292414814373184851

79 Zonian the Insei (level 4, -3/33 HPs)
             Began as a Merfolk Transmuter on Dec 24, 2021.
             Slain by a gnoll (14 damage)
             ... on level 2 of the Dungeon.
             The game lasted 00:03:37 (2498 turns).

Zonian the Insei (Merfolk Transmuter)               Turns: 2498, Time: 00:03:37

Health: -3/33      AC:  4    Str: 10    XL:     4   Next: 38%
Magic:  5/7        EV: 13    Int: 14    God:
Gold:   58         SH:  0    Dex: 14    Spells: 5/8 levels left

rFire   . . .      SeeInvis .     - Unarmed
rCold   . . .      Faith    .   (no shield)
rNeg    . . .      Spirit   .   h - +2 robe {Will+}
rPois   .          Reflect  .   (helmet currently unavailable)
rElec   .          Harm     .   (no cloak)
rCorr   .          Rampage  .   (no gloves)
Will    +....                   (boots currently unavailable)
Stlth   +.........              (no amulet)
HPRegen 0.11/turn               (no ring)
MPRegen 0.10/turn               (no ring)

@: appendages (expiring), very slightly contaminated
A: horns 2, (nimble swimmer 2), mertail
a: End Transformation


You were on level 2 of the Dungeon.
You had temporarily grown beastly horns.
You visited 1 branch of the dungeon, and saw 2 of its levels.

You collected 58 gold pieces.

Inventory:

Armour
 a - a +0 robe
 h - a +2 robe of willpower (worn)
Scrolls
 b - 2 scrolls of identify {unknown}
 e - 2 scrolls of enchant armour {unknown}
 j - a scroll of acquirement {unknown}
Potions
 c - a potion of haste {unknown}
 d - a potion of might {unknown}
 f - a potion of invisibility {unknown}
 g - a potion of heal wounds {unknown}
 i - a potion of resistance {unknown}


   Skills:
 + Level 2.1 Fighting
 + Level 3.6 Dodging
 + Level 3.8 Unarmed Combat
 + Level 2.5 Spellcasting
 + Level 3.5 Transmutations


You had 5 spell levels left.
You knew the following spells:

 Your Spells              Type           Power      Damage    Failure   Level
a - Beastly Appendage     Tmut           22%        N/A       5%          1
b - Wereblood             Tmut           11%        N/A       8%          2

Your spell library contained the following spells:

 Spells                   Type           Power      Damage    Failure   Level
 Spider Form              Tmut/Pois      6%         N/A       32%         3
 Portal Projectile        Hex/Tloc       2%         N/A       56%         3
 Ice Form                 Ice/Tmut       6%         N/A       73%         4
 Blade Hands              Tmut           5%         N/A       82%         5
 Excruciating Wounds      Necr           0%         N/A       99%         5


Dungeon Overview and Level Annotations

Branches:
Dungeon (2/15)

Altars:

Shops:
D:1 [

Annotations:
D:2 Sigmund


Innate Abilities, Weirdness & Mutations

You have temporarily grown beastly horns.
((You are very nimble when in or above water. (Stealth+, EV+, Speed+++)))
Your lower body shifts to a powerful aquatic tail in water.


Message History

Found a ring mail.
Unknown command.
You now have 58 gold pieces (gained 16). 2 gnolls come into view.
A gnoll is wielding a +2 flail of protection.
There are monsters nearby!
Unknown command. 2 gnolls come into view.
Found 12 gold pieces.
The gnoll shouts!
You miscast Beastly Appendage.
You are very lightly contaminated with residual magic.
Nothing appears to happen.
The gnoll shouts! x2
Unknown command.
You hit the gnoll but do no damage.
Unknown command.
You hit the gnoll but do no damage. The gnoll misses you.
You hit the gnoll but do no damage. The gnoll closely misses you.
You grow a pair of large bovine horns.
The gnoll hits you but does no damage.
Unknown command.
You hit the gnoll but do no damage.
The gnoll hits you with a +2 flail of protection!
Your magical contamination has completely faded away.
You barely miss the gnoll.
The gnoll hits you with a +2 flail of protection.
Unknown command.
The gnoll misses you.
You see here a +0 ring mail.
Your transformation is almost over.
Casting: Beastly Appendage (safe; 5% risk of failure)
Confirm with . or Enter, or press ? or * to list all spells.
You miscast Wereblood.
You are very lightly contaminated with residual magic.
Nothing appears to happen.
The gnoll hits you with a +2 flail of protection!
Unknown command.
You barely miss the gnoll.
The gnoll hits you with a +2 flail of protection!
You die...

#.#....###...##...##
#.#.##.# #........##
#.#.##.# #..........
#......# ###.#######
###g#### ... #. #g#
.. #. #g# #. #g# #.
#@# #. ##.# #. #..#
#. #.## ## #.# # #.#
# #.# # #.# #### #
#.#######..########


You could see 4 gnolls.

Vanquished Creatures
  Jessica (D:2)
  A gnoll (D:1)
  A worm (D:2)
  3 dart slugs
  2 ball pythons
  3 endoplasms
  3 giant cockroaches (D:1)
  A goblin (D:1)
  3 hobgoblins (D:1)
  4 jackals (D:1)
  3 kobolds (D:1)
  3 bats (D:1)
  A frilled lizard (D:1)
  4 rats
33 creatures vanquished.

Notes
Turn   | Place    | Note
-------+----------+-------------------------------------------
     0 | D:1      | Zonian the Merfolk Transmuter began the quest for the Orb.
     0 | D:1      | Reached XP level 1. HP: 15/15 MP: 3/3
    67 | D:1      | Found Zitucvam's Antique Armour Shoppe.
   372 | D:1      | Reached XP level 2. HP: 20/21 MP: 3/5
   709 | D:1      | Reached XP level 3. HP: 26/27 MP: 4/6
  1612 | D:2      | Noticed Jessica
  1640 | D:1      | Learned a level 2 spell: Wereblood
  1655 | D:2      | Killed Jessica
  1656 | D:2      | Reached XP level 4. HP: 14/33 MP: 4/7
  2284 | D:2      | Noticed Sigmund
  2498 | D:2      | Slain by a gnoll

Illustrated notes

Levels and vault maps discovered:
D:1:      nicolae_arrival_memento_mori, layout_loops_cross, serial_shops, shop,
          serial_glass, glass_columns_b, glass_columns_c, feat_on_display
D:2:      layout_loops_cross, wad_orctagon, uniq_jessica, uniq_sigmund

Skill      XL: |  1  2  3 |
---------------+----------+-----
Dodging        | 3 |  3.6
Transmutations | 3 |  3.5
Fighting       | 2 |  2.1
Unarmed Combat | |  3.8
Spellcasting   | |  2.5

Action                   |  1- 3 |  4- 6 || total
-------------------------+-------+-------++-------
Melee: Unarmed           |    96 |    23 ||   119
       Headbutt          |    13 |     2 ||    15
       Punch             |     2 |       ||     2
 Cast: Beastly Appendage |    25 |     3 ||    28
       Wereblood         |     1 |       ||     1
 Stab: Sleeping          |     2 |       ||     2
Armor: Robe              |    20 |     3 ||    23
Dodge: Dodged            |    80 |     8 ||    88

Table legend: (Time is in decaauts)
 A = Elapsed time spent in this place.
 B = Non-inter-level travel time spent in this place.
 C = Inter-level travel time spent in this place.
 D = Time resting spent in this place.
 E = Time spent auto-exploring this place.
 F = Levels seen in this place.
 G = Mean time per level.
                   A        B        C        D        E       F      G
               +--------+--------+--------+--------+--------+-----+--------+
         Total |   2491 |   2447 |     44 |   1071 |    914 |   2 | 1245.5 |
       Dungeon |   2491 |   2447 |     44 |   1071 |    914 |   2 | 1245.5 |
               +--------+--------+--------+--------+--------+-----+--------+

Top non-repeatable levels by time:
     D:1: 1552 daAuts
     D:2: 938 daAuts
